 Dungeon Crawl Stone Soup version 0.18.1-47-g9310371 (webtiles) character file.

177 Sirdec the Shield-Bearer (level 5, -4/45 HPs)
             Began as a Hill Orc Fighter on June 20, 2016.
             Slain by Grinder (8 damage)
             ... on level 3 of the Dungeon.
             The game lasted 00:14:30 (1942 turns).

Sirdec the Shield-Bearer (Hill Orc Fighter)         Turns: 1942, Time: 00:14:31

Health: -4/45      AC:  7    Str: 25    XL:     5   Next: 57%
Magic:  14/14      EV:  7    Int: 10    God:
Gold:   58         SH: 10    Dex: 10    Spells: 0 memorised, 4 levels left

rFire  . . .     SeeInvis +     n - +0 whip (flame)
rCold  . . .     Gourm    .     b - +0 scale mail
rNeg   . . .     Faith    .     c - +0 shield
rPois  .         Spirit   .     (no helmet)
rElec  .         Dismiss  .     (no cloak)
rCorr  +         Reflect  .     (no gloves)
SustAt .         Harm     .     (no boots)
MR     .....                    (no amulet)
Stlth  ..........               o - ring of magical power
                                h - ring of resist corrosion

@: mighty, not resistant to hostile enchantments, extremely unstealthy
A: see invisible, clever 1
a: no special abilities


You were on level 3 of the Dungeon.
You were not hungry.

You visited 1 branch of the dungeon, and saw 3 of its levels.

You collected 58 gold pieces.

Inventory:

Hand Weapons
 a - a +0 flail
 n - a +0 whip of flaming (weapon)
Armour
 b - a +0 scale mail (worn)
 c - a +0 shield (worn)
 m - a +0 ring mail
Jewellery
 h - a ring of resist corrosion (left hand)
 o - a ring of magical power (right hand)
Wands
 w - a wand of iceblast (10/15)
Scrolls
 e - a scroll of remove curse
 k - a scroll of enchant weapon {unknown}
 t - a scroll of recharging {unknown}
 u - a scroll of noise {unknown}
 v - a scroll of enchant armour {unknown}
 y - a scroll of immolation {unknown}
Potions
 g - 2 potions of heal wounds
 i - 2 potions of curing {unknown}
 j - a potion of magic {unknown}
 r - a potion of mutation {unknown}
 s - 2 potions of degeneration {unknown}
 z - a potion of berserk rage {unknown}
Miscellaneous
 l - a plain deck of wonders {drawn: 5}
Comestibles
 f - a bread ration
 p - a fruit
 q - a beef jerky
 x - a chunk of flesh


   Skills:
 - Level 3.6 Fighting
 * Level 4.1 Maces & Flails
 + Level 4.4 Armour
 - Level 0.1 Dodging
 + Level 4.6 Shields
 + Level 0.2 Evocations


You had 4 spell levels left.
You didn't know any spells.

Dungeon Overview and Level Annotations

Branches:
Dungeon (3/15)

Altars:
Fedhas
Nemelex Xobeh
Okawaru
Pakellas
Xom
Zin

Annotations:
D:3 Grinder


Innate Abilities, Weirdness & Mutations

You have supernaturally acute eyesight.
Your mind is acute. (Int +2)


Message History

You hit Unohudao but do no damage.
Unohudao is almost dead.
Unohudao hits you but does no damage.
You closely miss Unohudao.
Unohudao is almost dead.
You block Unohudao's attack.
You whack Unohudao! You burn Unohudao.
You kill Unohudao!
That felt strangely unrewarding.
Grinder gestures at you. Pain shoots through your body!
* * * LOW HITPOINT WARNING * * *
Grinder hits you but does no damage.
You whack Grinder! You burn Grinder.
Grinder is heavily wounded.
Grinder barely misses you.
You closely miss Grinder.
Grinder is heavily wounded.
Grinder is no longer unusually agile.
Grinder hits you!
You die...

###
###..#............
#..
..##.....#........
#.#
#?###..#.#........
#.### #.# #..#.....#
######.#####@##.#
###...###
#....ยง.####..5# #
#...#
#......K.....#..#
#...#
#......##.#####.#
..... #.........#
... ....
#......##.##.##.###
#......##..#.#..#
#......##.......###
#########.##....#.#.


You could see Grinder.

Vanquished Creatures
  A big kobold (D:3)
  Ijyb (D:3)
  Jessica (D:2)
  Natasha (D:2)
  An adder (D:3)
  4 gnolls (D:2)
  2 worms
  2 giant geckos (D:3)
  An orc (D:2)
  6 bats
  2 giant cockroaches (D:2)
  6 goblins
  3 hobgoblins
  2 quokkas (D:2)
  9 kobolds
  6 rats
48 creatures vanquished.

Notes
Turn   | Place    | Note
--------------------------------------------------------------
     0 | D:1      | Sirdec the Hill Orc Fighter began the quest for the Orb.
     0 | D:1      | Reached XP level 1. HP: 19/19 MP: 1/1
   170 | D:1      | Found a sparkling altar of Nemelex Xobeh.
   507 | D:1      | Reached XP level 2. HP: 19/26 MP: 2/2
   811 | D:2      | Found an iron altar of Okawaru.
   830 | D:2      | Reached XP level 3. HP: 29/31 MP: 3/3
   845 | D:2      | Reached XP level 4. HP: 30/39 MP: 4/4
   858 | D:2      | Found an oddly glowing altar of Pakellas.
   876 | D:2      | Found a glowing silver altar of Zin.
   876 | D:2      | Noticed an angel
   903 | D:2      | Noticed Jessica
   925 | D:2      | Killed Jessica
  1400 | D:2      | Noticed Natasha
  1418 | D:2      | Killed Natasha
  1418 | D:2      | Reached XP level 5. HP: 35/45 MP: 5/5
  1580 | D:3      | Found a shimmering altar of Xom.
  1621 | D:3      | Noticed Mausem
  1630 | D:3      | Gained mutation: Your mind is acute. (Int +2) [helix card]
  1631 | D:3      | Gained mutation: You have supernaturally acute eyesight. [helix card]
  1666 | D:3      | Noticed Ijyb
  1720 | D:3      | Killed Ijyb
  1857 | D:3      | Found a blossoming altar of Fedhas.
  1909 | D:3      | Noticed Grinder
  1912 | D:3      | Noticed Unohudao
  1922 | D:3      | Paralysed by Grinder for 5 turns
  1938 | D:3      | Killed Unohudao the big kobold
  1942 | D:3      | Slain by Grinder

Skill      XL: |  1  2  3  4  5 |
---------------+----------------+-----
Maces & Flails | 3 4 |  4.1
Shields        | 4 |  4.6
Armour         | 4 |  4.4
Fighting       | |  3.6
Dodging        | |  0.1
Evocations     | |  0.2

Action                   |  1- 3 |  4- 6 || total
-------------------------+-------+-------++-------
Melee: Whip              |    67 |   186 ||   253
       Flail             |     7 |       ||     7
Evoke: Deck              |       |     5 ||     5
  Use: Potion            |       |     2 ||     2
       Scroll            |       |     1 ||     1
  Eat: Chunk             |       |     4 ||     4
Armor: Scale mail        |    28 |    50 ||    78
Dodge: Dodged            |    24 |    38 ||    62
Block: Shield            |    40 |    66 ||   106
